 Dungeon Crawl Stone Soup version 0.28.0-43-g3370ac3207 (webtiles) character file.

Game seed: 13237830528715757999

8474 pkoi the Zephyrmancer (level 10, -1/74 HPs)
             Began as a Demigod Air Elementalist on Mar 28, 2022.
             Killed from afar by a rime drake (16 damage)
             ... with a flash freeze
             ... on level 2 of the Lair of Beasts.
             The game lasted 00:20:06 (15940 turns).

pkoi the Zephyrmancer (Demigod Air Elementalist)   Turns: 15940, Time: 00:20:06

Health: -1/74      AC:  5    Str:  9    XL:     10   Next: 85%
Magic:  14/40      EV: 13    Int: 29    God:
Gold:   456        SH:  0    Dex: 14    Spells: 8/21 levels left

rFire   . . .      SeeInvis .   D - +1 short sword (venom)
rCold   . . .      Faith    .   (no shield)
rNeg    . . .      Spirit   .   a - +0 robe
rPois   .          Reflect  .   (no helmet)
rElec   .          Harm     .   t - +1 cloak
rCorr   .          Rampage  .   (no gloves)
Will    +....                   b - +0 pair of boots
Stlth   ++........              (no amulet)
HPRegen 0.22/turn               u - ring of magical power
MPRegen 0.27/turn               c - ring of magical power

@: no status effects
A: high MP 1, forlorn, divine attributes
a: no special abilities


You were on level 2 of the Lair of Beasts.
You visited 3 branches of the dungeon, and saw 11 of its levels.
You also visited: Ossuary.

You collected 456 gold pieces.

Inventory:

Hand Weapons
 j - a +1 short sword of protection
 l - a +2 dagger of flaming
 o - a +6 club
 D - a +1 short sword of venom (weapon)
Missiles
 e - 2 throwing nets
 g - 31 poisoned darts
Armour
 a - a +0 robe (worn)
 b - a +0 pair of boots (worn)
 t - a +1 cloak (worn)
Jewellery
 c - a ring of magical power (right hand)
 d - a ring of see invisible
 u - a ring of magical power (left hand)
 y - a +4 ring of evasion
Wands
 n - a wand of flame (12)
 s - a wand of iceblast (3)
Scrolls
 i - a scroll of silence
 w - a scroll of fear
Potions
 f - 4 potions of lignification {unknown}
 k - 3 potions of flight {unknown}
 m - 2 potions of brilliance {unknown}
 p - 2 potions of curing {unknown}
 r - a potion of magic {unknown}
 v - a potion of resistance {unknown}
 x - 2 potions of haste {unknown}
 z - a potion of berserk rage
 A - 2 potions of attraction {unknown}
 B - a potion of might {unknown}
 E - a potion of mutation {unknown}


   Skills:
 + Level 2.7 Fighting
 + Level 3.3 Dodging
 - Level 1.7 Stealth
 + Level 2.8 Unarmed Combat
 - Level 6.0 Spellcasting
 - Level 0.8 Conjurations
 + Level 2.0 Transmutations
 + Level 2.0 Fire Magic
 + Level 12.8 Air Magic
 + Level 2.0 Poison Magic
 + Level 2.7 Evocations


You had 8 spell levels left.
You knew the following spells:

 Your Spells              Type           Power      Damage    Failure   Level
a - Shock                 Conj/Air       100%       1d9       1%          1
b - Static Discharge      Conj/Air       48%        N/A       1%          2
c - Swiftness             Air            70%        N/A       1%          3
d - Airstrike             Air            35%        N/A       1%          4
e - Ignite Poison         Fire/Tmut/Pois 20%        N/A       8%          3

Your spell library contained the following spells:

 Spells                   Type           Power      Damage    Failure   Level
 Freeze                   Ice            32%        1d5       5%          1
 Conjure Flame            Conj/Fire      17%        6-21      10%         3
 Silence                  Hex/Air        23%        N/A       11%         5
 Dazzling Flash           Conj/Hex       22%        N/A       14%         3
 Frozen Ramparts          Ice            16%        1d3       17%         3
 Sticky Flame             Conj/Fire      17%        2d4       30%         4
 Hailstorm                Conj/Ice       11%        3d5       43%         4
 Animate Armour           Summ/Erth      16%        N/A       50%         4
 Dispel Undead            Necr           8%         3d8       50%         4
 Blade Hands              Tmut           10%        N/A       56%         5
 Agony                    Necr           8%         N/A       83%         5
 Summon Forest            Summ/Tloc      4%         N/A       83%         5
 Eringya's Noxious Bog    Tmut/Pois      10%        N/A       98%         6
 Iron Shot                Conj/Erth      5%         9d2       100%        6
 Summon Hydra             Summ           4%         N/A       100%        7


Dungeon Overview and Level Annotations

Branches:
Dungeon (8/15)             Temple (1/1) D:5            Lair (1/6) D:8
Ossuary (visited)

Shops:
D:7 *


Innate Abilities, Weirdness & Mutations

You have an increased reservoir of magic. (+10% MP)
You shall have no god before yourself.
Your divine heritage dramatically boosts your attributes as you level up.


Message History

Aiming: Airstrike (safe; 1% risk of failure)
Press: ? - help, Q - select action, (/) - cycle Dir - move target, f - water moccasin
Aim: a water moccasin (empty space bonus: 8/8)
The air twists around and strikes the water moccasin!!
The water moccasin is severely wounded.
You hear an angry hiss.
Casting: Airstrike (safe; 1% risk of failure)
Confirm with . or Enter, or press ? or * to list all spells.
The rime drake is struck by an arc of lightning!
The rime drake is moderately wounded.
The yak is struck by an arc of lightning.
The yak is lightly wounded.
The water moccasin is struck by an arc of lightning.
The water moccasin is almost dead.
The yak is struck by an arc of lightning.
The yak is lightly wounded.
The water moccasin is struck by an arc of lightning!
The water moccasin is moderately wounded.
The lightning grounds out.
The rime drake completely misses you.
Casting: Static Discharge (safe; 1% risk of failure)
Confirm with . or Enter, or press ? or * to list all spells.
The rime drake is struck by an arc of lightning!
The rime drake is heavily wounded.
You are struck by an arc of lightning.
* * * LOW HITPOINT WARNING * * *
The lightning grounds out.
The rime drake bites you.
* * * LOW HITPOINT WARNING * * *
The rime drake misses you.
Unknown command.
Unknown command.
Casting: Static Discharge (safe; 1% risk of failure)
Confirm with . or Enter, or press ? or * to list all spells.
The rime drake is struck by an arc of lightning!
The rime drake is almost dead.
The yak is struck by an arc of lightning.
The yak is moderately wounded.
The lightning grounds out.
The rime drake breathes ice at you. The flash freeze hits you!
You die...

### ### ##.# ### #@## #######
####..######.####k###.#§#.###.
.................SYS......S...
.F...........l...Y....§..§....
..............k...............
.....S.........l...YFY...÷....
....lS................^.......
..............................
......#.#|#P#.###......#######


You could see 4 yaks, a cane toad, a rime drake (catching breath) and 2 water
moccasins.

Vanquished Creatures
  A two-headed ogre (D:8)
  2 cane toads (Lair:1)
  2 komodo dragons
  A blink frog (Lair:1)
  Grinder (D:5)
  A wyvern (D:8)
  A wraith (D:7)
  6 yaks
  A steam dragon (D:8)
  8 water moccasins
  3 wargs (D:8)
  Duvessa (D:4)
  A sky beast (D:8)
  An ice beast (D:7)
  5 black bears (Lair:1)
  2 ogres
  5 wolves (Lair:2)
  2 centaurs (D:8)
  A phantom (D:5)
  5 bullfrogs
  2 kobold brigands
  2 elf zombies (Ossuary)
  2 scorpions
  2 gnoll sergeants
  Dowan (D:4)
  5 wights (D:7)
  5 killer bees
  7 orc priests
  4 hounds
  2 jellies (D:7)
  Crazy Yiuf (D:6)
  3 human zombies (Ossuary)
  An iguana (D:4)
  2 centaur skeletons
  Ijyb (D:4)
  4 orc wizards
  2 mummies (Ossuary)
  A howler monkey zombie (D:8)
  15 gnolls
  5 adders
  2 white imps
  2 ufetubi (D:5)
  4 dart slugs
  22 orcs
  7 ball pythons
  9 endoplasms
  5 giant cockroaches
  5 goblins
  5 hobgoblins
  2 jackals (D:2)
  7 quokkas
  3 bats (D:1)
  6 frilled lizards
  A goblin zombie (Ossuary)
  9 hobgoblin zombies (Ossuary)
  2 jackal zombies (Ossuary)
  20 kobolds
  11 kobold zombies (Ossuary)
  8 orc zombies (Ossuary)
  7 rats
  A rat zombie (Ossuary)
255 creatures vanquished.

Vanquished Creatures (others)
  A hound skeleton (D:5)
  2 fungi (Lair:2)
  21 plants
24 creatures vanquished.

Grand Total: 279 creatures vanquished

Notes
Turn   | Place    | Note
-------+----------+-------------------------------------------
     0 | D:1      | pkoi the Demigod Air Elementalist began the quest for the
                  | Orb.
     0 | D:1      | Reached XP level 1. HP: 14/14 MP: 5/5
   145 | D:1      | Reached skill level 3 in Air Magic
   466 | D:1      | Reached XP level 2. HP: 20/20 MP: 4/7
  1160 | D:1      | Reached XP level 3. HP: 26/26 MP: 4/8
  1163 | D:1      | Learned a level 2 spell: Static Discharge
  1337 | D:2      | Reached skill level 4 in Air Magic
  2112 | D:2      | Reached XP level 4. HP: 32/33 MP: 2/10
  3608 | D:3      | Reached skill level 5 in Air Magic
  3608 | D:3      | Reached XP level 5. HP: 20/38 MP: 4/11
  3921 | D:3      | Learned a level 3 spell: Swiftness
  4631 | D:3      | Noticed a sky beast
  5065 | D:4      | Noticed Ijyb
  5076 | D:4      | Killed Ijyb
  5237 | D:4      | Noticed Duvessa
  5238 | D:4      | Noticed Dowan
  5247 | D:4      | Killed Duvessa
  5248 | D:4      | Reached skill level 6 in Air Magic
  5248 | D:4      | Reached XP level 6. HP: 35/45 MP: 4/14
  5249 | D:4      | Killed Dowan
  5489 | D:4      | Learned a level 4 spell: Airstrike
  6022 | D:5      | Entered Level 5 of the Dungeon
  6028 | D:5      | Found a staircase to the Ecumenical Temple.
  6232 | D:5      | Noticed Grinder
  6553 | D:5      | Reached XP level 7. HP: 42/50 MP: 9/16
  6641 | D:5      | Reached skill level 7 in Air Magic
  7279 | D:5      | Killed Grinder
  7405 | D:5      | Reached skill level 8 in Air Magic
  7747 | D:5      | Reached XP level 8. HP: 57/57 MP: 13/18
  7782 | Temple   | Entered the Ecumenical Temple
  8236 | D:6      | Reached skill level 5 in Spellcasting
  9336 | D:6      | Found a runed translucent door.
  9337 | D:6      | Noticed Crazy Yiuf
  9561 | D:6      | Reached skill level 9 in Air Magic
 10020 | D:6      | Killed Crazy Yiuf
 10324 | D:7      | Found a sand-covered staircase.
 10328 | Ossuary  | Entered an ossuary
 11003 | Ossuary  | Reached XP level 9. HP: 49/62 MP: 4/21
 11349 | Ossuary  | Reached skill level 10 in Air Magic
 11924 | D:7      | Found Ahoff's Neck Hole.
 12033 | D:7      | Reached skill level 11 in Air Magic
 12741 | D:8      | Reached skill level 12 in Air Magic
 13078 | D:8      | Noticed a two-headed ogre
 13091 | D:8      | Killed a two-headed ogre
 13092 | D:8      | Reached XP level 10. HP: 14/69 MP: 22/22
 14037 | D:8      | Reached skill level 1 in Fighting
 14037 | D:8      | Reached skill level 1 in Unarmed Combat
 14037 | D:8      | Reached skill level 1 in Evocations
 14292 | D:8      | Found a staircase to the Lair.
 14523 | D:8      | Learned a level 3 spell: Ignite Poison
 14745 | Lair:1   | Entered Level 1 of the Lair of Beasts
 14916 | Lair:1   | Reached skill level 1 in Transmutations
 14916 | Lair:1   | Reached skill level 1 in Fire Magic
 15015 | Lair:1   | Reached skill level 1 in Poison Magic
 15530 | Lair:1   | You fall into a shaft and drop 1 floor!
 15908 | Lair:2   | Noticed a six-headed hydra
 15940 | Lair:2   | Killed from afar by a rime drake

Illustrated notes

Levels and vault maps discovered:
D:1:      tarquinn_simple_flora_water_a, layout_basic,
          ebering_ecumenical_altar_petrified
D:2:      layout_loops_cross, chequers_serial_rivers_small_b,
          cheibrodos_gnoll_hut
D:3:      layout_loops_cross
D:4:      layout_loops_ring, makhleb_heckhound_becter, uniq_ijyb, uniq_duvessa
D:5:      layout_basic, minmay_temple_entry_large_hall, lexackson_kobold_supper,
          uniq_grinder
D:6:      layout_layer_cave, uniq_crazy_yiuf_cottage
D:7:      layout_rooms, enter_bailey_6, lightli_ossuary_entry_decrepit_ruins,
          nicolae_shop_sticking_my_neck_out
D:8:      layout_layer_cave, erik_lair_orcish_takeover, kennysheep_nondescript
Temple:   nicolae_temple_x_marks_the_god
Lair:1:   layout_long_grid, special_room [special_room_bee],
          gammafunk_ghost_arena, beast_lair_carwin_1, uniq_gastronok
Lair:2:   dragon1_lemuel, layout_big_grid, infiniplex_staircase_pool,
          lemuel_fruit_fields, serial_bayou_shore_b

Skill      XL: |  1  2  3  4  5  6  7  8  9 10 |
---------------+-------------------------------+-----
Air Magic      | 3 4 5 6 8 9 12 | 12.8
Spellcasting   | 2 3 4 6 |  6.0
Dodging        | 3 |  3.3
Fighting       | 2 |  2.7
Unarmed Combat | 2 |  2.8
Evocations     | 2 |  2.7
Transmutations | 2 |  2.0
Fire Magic     | 2 |  2.0
Poison Magic   | 2 |  2.0
Stealth        | |  1.7
Conjurations   | |  0.8

Action                   |  1- 3 |  4- 6 |  7- 9 | 10-12 || total
-------------------------+-------+-------+-------+-------++-------
Melee: Club              |    10 |       |    14 |       ||    24
       Short sword       |     6 |    16 |    17 |    11 ||    50
       Unarmed           |     2 |       |       |       ||     2
 Cast: Shock             |    86 |   164 |    39 |       ||   289
       Airstrike         |       |       |   148 |    85 ||   233
       Static Discharge  |       |       |     4 |     4 ||     8
Evoke: Wand              |       |       |       |     2 ||     2
  Use: Scroll            |       |     4 |     6 |     6 ||    16
       Potion            |       |       |       |     1 ||     1
Armor: Robe              |     9 |    16 |    36 |    12 ||    73
Dodge: Dodged            |    18 |    46 |    68 |    38 ||   170
